 Dungeon Crawl Stone Soup version 0.29-a0-887-gcbe080d7e0 (webtiles) character file.

Game seed: 12915961905532039791

27 avis the Chiller (level 2, 0/23 HPs)
             Began as a Demigod Ice Elementalist on July 22, 2022.
             Slain by a kobold
             ... wielding a +0 club
              (4 damage)
             ... on level 2 of the Dungeon.
             The game lasted 00:05:59 (1079 turns).

avis the Chiller (Demigod Ice Elementalist)         Turns: 1079, Time: 00:06:01

Health: 0/23       AC:  2    Str: 15    XL:     2   Next: 72%
Magic:  0/7        EV: 12    Int: 17    God:
Gold:   12         SH:  5    Dex: 14    Spells: 4/5 levels left

rFire   . . .      SeeInvis .   i - +0 dagger
rCold   . . .      Faith    .   (no shield)
rNeg    . . .      Spirit   .   a - +0 robe
rPois   .          Reflect  +   (no helmet)
rElec   .          Harm     .   (no cloak)
rCorr   .          Rampage  .   (no gloves)
Will    .....                   (no boots)
Stlth   ++........              q - amulet of reflection
HPRegen 0.07/turn               g - +6 ring of strength
MPRegen 0.10/turn               (no ring)

@: no status effects
A: high MP 1, forlorn, divine attributes
a: no special abilities


You were on level 2 of the Dungeon.
You visited 1 branch of the dungeon, and saw 2 of its levels.

You collected 12 gold pieces.

Inventory:

Hand Weapons
 i - a +0 dagger (weapon)
Missiles
 k - 2 poisoned darts
Armour
 a - a +0 robe (worn)
 j - a +0 tower shield
Magical Staves
 p - a staff of fire
Jewellery
 g - a +6 ring of strength (left hand)
 q - an amulet of reflection (around neck)
Wands
 n - a wand of flame (15)
Scrolls
 e - a scroll of teleportation {unknown}
 h - a scroll of brand weapon {unknown}
 l - a scroll of enchant weapon {unknown}
 m - a scroll of torment {unknown}
Potions
 b - a potion of magic
 c - a potion of degeneration {unknown}
 d - a potion of resistance {unknown}
 f - 2 potions of curing {unknown}
 o - a potion of heal wounds {unknown}


   Skills:
 * Level 1.1 Fighting
 - Level 2.0 Dodging
 - Level 2.0 Stealth
 - Level 2.0 Spellcasting
 - Level 4.0 Ice Magic


You had 4 spell levels left.
You knew the following spells:

 Your Spells              Type           Power      Damage    Failure   Level
a - Freeze                Ice            60%        1d8       3%          1

Your spell library contained the following spells:

 Spells                   Type           Power      Damage    Failure   Level
 Frozen Ramparts          Ice            30%        1d5       11%         3
 Ozocubu's Armour         Ice            15%        N/A       11%         3
 Hailstorm                Conj/Ice       8%         3d4       63%         4


Dungeon Overview and Level Annotations

Branches:
Dungeon (2/15)

Shops:
D:1 =


Innate Abilities, Weirdness & Mutations

You have an increased reservoir of magic. (+10% MP)
You shall have no god before yourself.
Your divine heritage dramatically boosts your attributes as you level up.


Message History

Press: ? - help, Shift-Dir - straight line, f/p - jackal
Aim: a jackal (moderately wounded)
You freeze the jackal.
You kill the jackal!
The orc priest miscasts a cantrip.
A goblin comes into view. It is wielding a +0 dagger.
The kobold closely misses you.
Casting: Freeze (safe; 3% risk of failure)
Confirm with . or Enter, or press ? or * to list all spells.
You don't have enough magic to cast this spell.
Unknown command.
You closely miss the kobold. The kobold hits you but does no damage.
Your magical contamination has completely faded away.
You hit the kobold but do no damage. The orc priest misses you.
The kobold barely misses you.
You hit the orc priest.
The orc priest is lightly wounded.
The orc priest hits you with a +0 dagger.
The kobold hits you with a +0 club.
You barely miss the orc priest.
The orc priest is lightly wounded.
The orc priest hits you with a +0 dagger.
The kobold hits you with a +0 club.
* * * LOW HITPOINT WARNING * * *
Casting: Freeze (safe; 3% risk of failure)
Confirm with . or Enter, or press ? or * to list all spells.
Aiming: Freeze (safe; 3% risk of failure)
Press: ? - help, Shift-Dir - straight line, f - orc priest
Aim: an orc priest, wielding a +0 dagger (lightly wounded)
You freeze the orc priest.
The orc priest is heavily wounded.
The orc priest hits you with a +0 dagger.
* * * LOW HITPOINT WARNING * * *
The kobold hits you with a +0 club.
* * * LOW HITPOINT WARNING * * *
You barely miss the orc priest.
The orc priest is heavily wounded.
The orc priest hits you but does no damage.
The kobold hits you with a +0 club.
You die...

....... #.. ..... .......
#.... ....# ###.....
.###..... ....# .......
......... ....## #.....
......... ..... ####.....
#.......##... .........
..........o# #......
........g@.# #......
.......†K..# #......
...........#.......#......
.#####.....#.......#......
#.....#.8...8.#..###.
##....#..oo...#..####
####.##..o..##......
#.###$oo###.####.
#..#######..# ..


You could see an orc priest, a goblin and a kobold.

Vanquished Creatures
  A ball python (D:1)
  An endoplasm (D:1)
  A giant cockroach (D:1)
  3 goblins
  3 hobgoblins
  3 jackals (D:2)
  3 quokkas
  4 bats
  2 frilled lizards (D:1)
  A kobold (D:1)
  A rat (D:1)
23 creatures vanquished.

Notes
Turn   | Place    | Note
-------+----------+-------------------------------------------
     0 | D:1      | avis the Demigod Ice Elementalist began the quest for the
                  | Orb.
     0 | D:1      | Reached XP level 1. HP: 14/14 MP: 5/5
   170 | D:1      | Reached skill level 1 in Fighting
   258 | D:1      | Found Miblaadgh's Jewellery Shop.
   345 | D:1      | Reached XP level 2. HP: 23/23 MP: 5/7
   940 | D:2      | Reached skill level 4 in Ice Magic
  1079 | D:2      | Slain by a kobold

Illustrated notes

Levels and vault maps discovered:
D:1:      dpeg_arrival_court, layout_loops_cross, serial_shops,
          nicolae_shop_stone, columned_hall_lemuel
D:2:      cheibrodos_pilgrimage, layout_basic, uniq_sigmund

Skill      XL: |  1  2 |
---------------+-------+-----
Fighting       | 1 |  1.1
Spellcasting   | 2 |  2.0
Ice Magic      | 4 |  4.0
Stealth        | 2 |  2.0
Dodging        | 2 |  2.0

Action                   || total
-------------------------++-------
Melee: Dagger            ||     7
 Cast: Freeze            ||    31
 Stab: Sleeping          ||     2
Armor: Robe              ||     7
Dodge: Dodged            ||    22
Block: Other             ||     2

Table legend: (Time is in decaauts)
 A = Elapsed time spent in this place.
 B = Non-inter-level travel time spent in this place.
 C = Inter-level travel time spent in this place.
 D = Time resting spent in this place.
 E = Time spent auto-exploring this place.
 F = Levels seen in this place.
 G = Mean time per level.
                   A        B        C        D        E       F      G
               +--------+--------+--------+--------+--------+-----+--------+
         Total |   1079 |    961 |    118 |    123 |    601 |   2 |  539.5 |
       Dungeon |   1079 |    961 |    118 |    123 |    601 |   2 |  539.5 |
               +--------+--------+--------+--------+--------+-----+--------+

Top non-repeatable levels by time:
     D:1: 896 daAuts
     D:2: 183 daAuts
